 Dungeon Crawl Stone Soup version 0.28.0-1-gb440e238dd (webtiles) character file.

Game seed: 14761475547905094224

165 Ablot the Grasshopper (level 5, -4/43 HPs)
             Began as a Gnoll Warper on Feb 27, 2022.
             Killed by nerve-wracking pain
             ... invoked by an orc priest
              (9 damage)
             ... on level 4 of the Dungeon.
             The game lasted 00:04:28 (3939 turns).

Ablot the Grasshopper (Gnoll Warper)                Turns: 3939, Time: 00:04:28

Health: -4/43      AC:  3    Str: 12    XL:     5   Next: 46%
Magic:  12/12      EV: 15    Int: 12    God:
Gold:   132        SH:  0    Dex: 24    Spells: 12/14 levels left

rFire   . . .      SeeInvis .   k - +2 short sword (freeze)
rCold   . . .      Faith    .   (no shield)
rNeg    . . .      Spirit   .   b - +0 leather armour
rPois   .          Reflect  .   (no helmet)
rElec   .          Harm     .   (no cloak)
rCorr   .          Rampage  .   (no gloves)
Will    .....                   (no boots)
Stlth   ++........              (no amulet)
HPRegen 0.14/turn               q - +6 ring of dexterity
MPRegen 0.13/turn               l - +6 ring of dexterity

@: no status effects
A: fangs 1, strong nose, distributed training
a: no special abilities


You were on level 4 of the Dungeon.
You visited 1 branch of the dungeon, and saw 4 of its levels.

You collected 132 gold pieces.

Inventory:

Hand Weapons
 a - a +0 spear
 k - a +2 short sword of freezing (weapon)
 r - a +0 flail of holy wrath
Missiles
 d - 5 boomerangs of dispersal (quivered)
 e - 93 stones
 f - 35 arrows
 i - 24 sling bullets
 p - 7 poisoned darts
Armour
 b - a +0 leather armour (worn)
 s - the +0 pair of boots of Pantheism {rCorr MP-9 Str+5 Stlth+}
   (You found it on level 3 of the Dungeon)

   Str:       It affects your strength (+5).
   MP:        It affects your magic capacity (-9).
   rCorr:     It protects you from acid and corrosion.
   Stlth:     It makes you more stealthy.
Jewellery
 h - a ring of see invisible
 l - a +6 ring of dexterity (right hand)
 q - a +6 ring of dexterity (left hand)
 t - a ring of poison resistance
Scrolls
 c - a scroll of blinking
 g - 2 scrolls of noise {unknown}
 j - 2 scrolls of vulnerability {unknown}
 m - a scroll of torment {unknown}
Potions
 n - a potion of curing {unknown}
 o - a potion of resistance {unknown}


   Skills:
 + Level 4.8 Fighting
 + Level 1.5 Short Blades
 + Level 1.5 Long Blades
 + Level 1.5 Axes
 + Level 1.5 Maces & Flails
 + Level 4.8 Polearms
 + Level 1.5 Staves
 + Level 1.5 Slings
 + Level 1.5 Bows
 + Level 1.5 Crossbows
 + Level 3.0 Throwing
 + Level 3.0 Armour
 + Level 4.8 Dodging
 + Level 1.5 Stealth
 + Level 1.5 Shields
 + Level 1.5 Unarmed Combat
 + Level 5.2 Spellcasting
 + Level 1.2 Conjurations
 + Level 1.2 Hexes
 + Level 1.2 Summonings
 + Level 1.2 Necromancy
 + Level 5.5 Translocations
 + Level 1.2 Transmutations
 + Level 1.2 Fire Magic
 + Level 1.2 Ice Magic
 + Level 1.2 Air Magic
 + Level 1.2 Earth Magic
 + Level 1.2 Poison Magic
 + Level 1.7 Invocations
 + Level 1.5 Evocations


You had 12 spell levels left.
You knew the following spells:

 Your Spells              Type           Power      Damage    Failure   Level
a - Blink                 Tloc           32%        N/A       3%          2

Your spell library contained the following spells:

 Spells                   Type           Power      Damage    Failure   Level
 Gell's Gravitas          Tloc           16%        N/A       8%          3
 Lesser Beckoning         Tloc           16%        N/A       8%          3
 Teleport Other           Tloc           16%        N/A       8%          3
 Pain                     Necr           24%        1d5       16%         1
 Corpse Rot               Necr/Air       12%        N/A       22%         2
 Ensorcelled Hibernation  Hex/Ice        12%        N/A       22%         2
 Inner Flame              Hex/Fire       6%         N/A       41%         3
 Spider Form              Tmut/Pois      6%         N/A       41%         3
 Manifold Assault         Tloc           16%        N/A       56%         5
 Anguish                  Hex/Necr       3%         N/A       83%         4
 Cause Fear               Hex            3%         N/A       83%         4
 Dispel Undead            Necr           6%         3d8       83%         4
 Agony                    Necr           6%         N/A       99%         5
 Excruciating Wounds      Necr           3%         N/A       99%         5
 Death Channel            Necr           3%         N/A       100%        6
 Discord                  Hex            3%         N/A       100%        8


Dungeon Overview and Level Annotations

Branches:
Dungeon (4/15)
 Temple: D:4-7

Altars:
Ashenzari
Wu Jian
Zin


Innate Abilities, Weirdness & Mutations

You have very sharp teeth.
Your uncanny sense of smell can sniff out nearby items.
Your experience applies equally to all skills.


Message History

You hit the orc but do no damage. The orc completely misses you.
The orc hits you with a +0 falchion.
You hit the orc. You freeze the orc. You punch the orc, but do no damage.
The orc is heavily wounded.
The orc barely misses you.
You completely miss the orc.
The orc is heavily wounded.
The orc barely misses you.
You hit the orc but do no damage.
The orc is heavily wounded.
The orc closely misses you.
You hit the orc. You freeze the orc.
You kill the orc!
The orc priest calls down the wrath of Beogh upon you.
Beogh smites you!
* * * LOW HITPOINT WARNING * * *
Unknown command.
You hit the orc. You freeze the orc.
The orc is heavily wounded.
The orc barely misses you.
You hit the orc. You freeze the orc.
You kill the orc!
You hit the orc priest but do no damage.
The orc priest calls down the wrath of Beogh upon you.
You barely resist. You hit the orc priest. You freeze the orc priest.
The orc priest is moderately wounded.
The orc priest closely misses you.
You hit the orc priest but do no damage.
The orc priest is moderately wounded.
The orc priest closely misses you.
You barely miss the orc priest.
The orc priest is moderately wounded.
The orc priest hits you with a +0 short sword.
* * * LOW HITPOINT WARNING * * *
You hit the orc priest. You freeze the orc priest.
The orc priest is heavily wounded.
The orc priest calls down the wrath of Beogh upon you.
Pain shoots through your body!
You die...

##### #.... ######.### #.........
###.####.### #.#.# #.# #
#######.#.# #.# # ##########
#.>.....#.# #.# # .........#
#@#####.#.# #.# #
.........######o#####.#.####.###
........o...o.........>.........
.........######.####...........#
.........# #.# #..#.####.#.#
########## ###.# #..#.# #.#.#
###########.#.####..#.# #.#.#
####...................#.####.#.#
.........#####.#.####..#........#


You could see an orc priest.

Vanquished Creatures
  A hound skeleton (D:4)
  4 gnolls
  3 adders
  An ufetubus (D:3)
  2 worms
  4 dart slugs
  6 orcs
  6 ball pythons
  A bat (D:1)
  5 endoplasms
  2 giant cockroaches
  5 goblins
  7 hobgoblins
  4 jackals
  3 frilled lizards
  5 kobolds
  6 rats
65 creatures vanquished.

Vanquished Creatures (others)
  A plant (D:1)
1 creature vanquished.

Grand Total: 66 creatures vanquished

Notes
Turn   | Place    | Note
-------+----------+-------------------------------------------
     0 | D:1      | Ablot the Gnoll Warper began the quest for the Orb.
     0 | D:1      | Reached XP level 1. HP: 20/20 MP: 6/6
   407 | D:1      | Reached XP level 2. HP: 26/26 MP: 7/7
   410 | D:1      | Learned a level 2 spell: Blink
   847 | D:1      | Reached XP level 3. HP: 31/31 MP: 9/9
   865 | D:1      | Reached skill level 5 in Spellcasting
  1335 | D:2      | Found an ornate altar of the Wu Jian Council.
  1348 | D:2      | Reached skill level 1 in Invocations
  1592 | D:2      | Reached skill level 1 in Short Blades
  1592 | D:2      | Reached skill level 1 in Long Blades
  1592 | D:2      | Reached skill level 1 in Axes
  1592 | D:2      | Reached skill level 1 in Maces & Flails
  1592 | D:2      | Reached skill level 1 in Staves
  1592 | D:2      | Reached skill level 1 in Slings
  1592 | D:2      | Reached skill level 1 in Bows
  1592 | D:2      | Reached skill level 1 in Crossbows
  1592 | D:2      | Reached skill level 1 in Stealth
  1592 | D:2      | Reached skill level 1 in Shields
  1592 | D:2      | Reached skill level 1 in Unarmed Combat
  1592 | D:2      | Reached skill level 1 in Evocations
  2037 | D:3      | Identified the +0 pair of boots of Pantheism {rCorr MP-9
                  | Str+5 Stlth+}
  2162 | D:3      | Reached XP level 4. HP: 32/38 MP: 11/11
  2563 | D:3      | Reached skill level 1 in Conjurations
  2563 | D:3      | Reached skill level 1 in Hexes
  2563 | D:3      | Reached skill level 1 in Summonings
  2563 | D:3      | Reached skill level 1 in Necromancy
  2563 | D:3      | Reached skill level 1 in Transmutations
  2563 | D:3      | Reached skill level 1 in Fire Magic
  2563 | D:3      | Reached skill level 1 in Ice Magic
  2563 | D:3      | Reached skill level 1 in Air Magic
  2563 | D:3      | Reached skill level 1 in Earth Magic
  2563 | D:3      | Reached skill level 1 in Poison Magic
  2727 | D:3      | Found a glowing silver altar of Zin.
  3257 | D:2      | Reached XP level 5. HP: 33/43 MP: 12/12
  3438 | D:3      | Found a broken altar of Ashenzari.
  3468 | D:3      | Found a faded altar of an unknown god.
  3939 | D:4      | Killed from afar by an orc priest

Illustrated notes

Levels and vault maps discovered:
D:1:      saegor_arrival_miasma, layout_loops_ring,
          chequers_serial_rivers_small_3, serial_bayou_lagoon_b
D:2:      layout_loops_ring, basic_altar
D:3:      layout_loops_cross, mainiacjoe_overflow_surrounded_room,
          zin_scriptorium, shapermc_ecumenical_altar_pompeii
D:4:      layout_basic

Skill      XL: |  1  2  3  4  5 |
---------------+----------------+-----
Spellcasting   | 5 |  5.2
Invocations    | 1 |  1.7
Short Blades   | 1 |  1.5
Long Blades    | 1 |  1.5
Axes           | 1 |  1.5
Maces & Flails | 1 |  1.5
Staves         | 1 |  1.5
Slings         | 1 |  1.5
Bows           | 1 |  1.5
Crossbows      | 1 |  1.5
Stealth        | 1 |  1.5
Shields        | 1 |  1.5
Unarmed Combat | 1 |  1.5
Evocations     | 1 |  1.5
Conjurations   | 1 |  1.2
Hexes          | 1 |  1.2
Summonings     | 1 |  1.2
Necromancy     | 1 |  1.2
Transmutations | 1 |  1.2
Fire Magic     | 1 |  1.2
Ice Magic      | 1 |  1.2
Air Magic      | 1 |  1.2
Earth Magic    | 1 |  1.2
Poison Magic   | 1 |  1.2
Throwing       | 3 |  3.0
Armour         | 3 |  3.0
Fighting       | |  4.8
Polearms       | |  4.8
Dodging        | |  4.8
Translocations | |  5.5

Action                   |  1- 3 |  4- 6 || total
-------------------------+-------+-------++-------
Melee: Spear             |   117 |       ||   117
       Bite              |     7 |    10 ||    17
       Punch             |     3 |     3 ||     6
       Short sword       |    19 |    85 ||   104
 Stab: Sleeping          |     1 |     4 ||     5
       Distracted        |     1 |       ||     1
Armor: Leather armour    |    23 |     7 ||    30
Dodge: Dodged            |    77 |    60 ||   137
